 Dungeon Crawl Stone Soup version 0.28-a0-1128-gb845255321 (webtiles) character file.

Game seed: 9990605301920091473

1318 AvatarAndi78 the Cleaver (level 8, -3/71 HPs)
             Began as a Minotaur Berserker on Dec 12, 2021.
             Was an Elder of Trog.
             Slain by Maggie (6 damage)
             ... on level 6 of the Dungeon.
             The game lasted 00:11:13 (5227 turns).

AvatarAndi78 the Cleaver (Minotaur Berserker)       Turns: 5227, Time: 00:11:14

Health: -3/71      AC: 11    Str: 24    XL:     8   Next: 33%
Magic:  7/7        EV:  8    Int:  4    God:    Trog [****..]
Gold:   226        SH:  4    Dex: 10    Spells: 7/7 levels left

rFire   . . .      SeeInvis .   a - +1 hand axe
rCold   . . .      Faith    .   d - +1 buckler
rNeg    . . .      Spirit   .   i - +0 chain mail
rPois   .          Reflect  .   (helmet restricted)
rElec   .          Harm     .   (no cloak)
rCorr   .          Rampage  .   u - +0 pair of gloves
Will    ++...                   (no boots)
Stlth   ..........              (no amulet)
HPRegen 1.21/turn               k - ring of flight
MPRegen 0.10/turn               (no ring)

@: strong-willed (expiring), on berserk cooldown, flying, regenerating
(expiring)
A: horns 2, retaliatory headbutt
a: Renounce Religion, Berserk, Trog's Hand, Brothers in Arms


You were on level 6 of the Dungeon.
You worshipped Trog.
Trog was greatly pleased with you.
You visited 1 branch of the dungeon, and saw 6 of its levels.
You also visited: Ossuary.

You collected 281 gold pieces.
You spent 55 gold pieces at shops.

Inventory:

Hand Weapons
 a - a +1 hand axe (weapon)
Missiles
 m - 6 boomerangs (quivered)
 p - 4 boomerangs of dispersal
Armour
 d - a +1 buckler (worn)
 i - a +0 chain mail (worn)
 u - a +0 pair of gloves (worn)
Jewellery
 k - a ring of flight (left hand)
 t - an amulet of faith
Wands
 e - a wand of flame (15)
 w - a wand of digging (3)
Scrolls
 b - 2 scrolls of teleportation
 j - a scroll of torment
 l - 3 scrolls of fear
 n - a scroll of blinking {unknown}
 o - 2 scrolls of amnesia {unknown}
 s - 2 scrolls of identify
 x - a scroll of enchant weapon
Potions
 c - a potion of invisibility {unknown}
 f - a potion of magic {unknown}
 g - 3 potions of curing {unknown}
 h - a potion of haste {unknown}
 q - a potion of attraction {unknown}
 r - a potion of ambrosia {unknown}
 v - a potion of berserk rage {unknown}


   Skills:
 + Level 6.7 Fighting
 + Level 9.3 Axes
 + Level 5.7 Armour
 + Level 3.2 Dodging
 + Level 0.9 Stealth
 + Level 1.8 Shields


You had 7 spell levels left.
You didn't know any spells.
Your spell library was empty.

Dungeon Overview and Level Annotations

Branches:
Dungeon (6/15)             Temple (0/1) D:5         Ossuary (visited)

Altars:
Uskayaw

Shops:
D:3 [[*   D:5 ?

Annotations:
D:6 Maggie


Innate Abilities, Weirdness & Mutations

You have a pair of horns on your head.
You reflexively headbutt those who attack you in melee.


Message History

Maggie is lightly wounded.
Maggie casts a spell.
Maggie attempts to bespell you! You resist with almost no effort.
You barely miss Maggie. Your headbutt misses Maggie.
Maggie is lightly wounded.
Maggie barely misses you.
You hit Maggie but do no damage. Your headbutt misses Maggie.
Maggie is lightly wounded.
Maggie hits you but does no damage.
You slash Maggie!
Maggie is moderately wounded.
You feel yourself speed up.
Maggie hits you with a +2 morningstar of flaming!
Maggie burns you.
Maggie hits you with a +2 morningstar of flaming!
Maggie burns you.
You hit Maggie but do no damage.
Maggie is moderately wounded.
Maggie barely misses you.
You closely miss Maggie.
Maggie is moderately wounded.
Maggie hits you with a +2 morningstar of flaming!
* * * LOW HITPOINT WARNING * * *
Maggie burns you.
* * * LOW HITPOINT WARNING * * *
You hit Maggie but do no damage.
Maggie is moderately wounded.
You barely miss Maggie.
Maggie is moderately wounded.
Maggie barely misses you.
You barely miss Maggie. You headbutt Maggie.
Maggie is moderately wounded.
You feel the effects of Trog's Hand fading.
Maggie barely misses you.
You hit Maggie but do no damage.
Maggie is moderately wounded.
Maggie hits you with a +2 morningstar of flaming!
* * * LOW HITPOINT WARNING * * *
Maggie burns you.
You die...

#........<## ..#.
###.).......##.#..
#................#
###............#
##.#.........<.#
#......###.....#
##.............#
#.......###..###
#..@@...######
##.#..........|
######.....^#.
#.###### ###


You could see Maggie.

Vanquished Creatures
  Sigmund (D:5)
  A steam dragon (D:6)
  2 necrophages (D:5)
  A phantom (D:5)
  An elf zombie (Ossuary)
  2 bullfrog zombies (D:5)
  2 centaur zombies (Ossuary)
  3 jellies
  A human zombie (Ossuary)
  Terence (D:2)
  An iguana (D:5)
  2 orc wizards (D:3)
  Natasha (thrice) (D:2)
  A hound skeleton (D:5)
  2 hound zombies (Ossuary)
  3 mummies (Ossuary)
  10 adders
  An ufetubus (D:5)
  A worm (D:2)
  3 dart slugs
  7 orcs
  9 endoplasms
  8 giant cockroaches
  2 gnoll zombies (Ossuary)
  11 goblins
  4 hobgoblins
  5 jackals
  4 quokkas
  9 ball pythons
  3 bats
  3 frilled lizards
  3 goblin zombies (Ossuary)
  4 hobgoblin zombies (Ossuary)
  5 jackal zombies (Ossuary)
  6 kobolds
  9 kobold zombies (Ossuary)
  2 orc zombies (Ossuary)
  4 quokka zombies
  2 rats
  3 rat zombies
145 creatures vanquished.

Notes
Turn   | Place    | Note
-------+----------+-------------------------------------------
     0 | D:1      | AvatarAndi78 the Minotaur Berserker began the quest for the
                  | Orb.
     0 | D:1      | Reached XP level 1. HP: 19/19 MP: 0/0
   192 | D:1      | Reached XP level 2. HP: 22/27 MP: 1/1
   272 | D:1      | Reached skill level 4 in Axes
   942 | D:2      | Found a faded altar of an unknown god.
  1010 | D:2      | Reached XP level 3. HP: 17/33 MP: 2/2
  1314 | D:2      | Noticed Natasha
  1315 | D:2      | Reached ** piety under Trog
  1324 | D:2      | Killed Natasha
  1325 | D:2      | Reached XP level 4. HP: 15/41 MP: 3/3
  1699 | D:2      | Reached skill level 5 in Axes
  1747 | D:2      | Noticed Terence
  1754 | D:2      | Killed Terence
  1886 | D:2      | Noticed Natasha
  1896 | D:2      | Killed Natasha
  1897 | D:2      | Reached skill level 5 in Fighting
  1897 | D:2      | Reached XP level 5. HP: 47/48 MP: 4/4
  2083 | D:2      | Noticed Natasha
  2090 | D:2      | Killed Natasha
  2332 | D:3      | Found Zelod's General Store.
  2349 | D:3      | Bought a scroll of identify for 20 gold pieces
  2349 | D:3      | Bought a scroll of fear for 35 gold pieces
  2361 | D:3      | Found Isarur's Antique Armour Shoppe.
  2500 | D:3      | Found Ytwam's Antique Armour Emporium.
  2598 | D:3      | Reached *** piety under Trog
  2599 | D:3      | Reached XP level 6. HP: 56/56 MP: 5/5
  2694 | D:3      | Reached skill level 6 in Axes
  3164 | D:4      | Found a hide-covered altar of Uskayaw.
  3478 | D:4      | You are sucked into a shaft and drop 2 floors!
  3484 | D:5      | Entered Level 5 of the Dungeon
  3506 | D:5      | Found Zarurac's Magic Scroll Shop.
  3547 | D:5      | Found a sand-covered staircase.
  3761 | Ossuary  | Entered an ossuary
  3896 | Ossuary  | Reached skill level 7 in Axes
  3898 | Ossuary  | Reached **** piety under Trog
  3919 | Ossuary  | Reached XP level 7. HP: 61/62 MP: 6/6
  4292 | D:5      | Found a staircase to the Ecumenical Temple.
  4336 | D:5      | Noticed Sigmund
  4349 | D:5      | Killed Sigmund
  4350 | D:5      | Reached skill level 1 in Shields
  4369 | D:5      | Reached skill level 8 in Axes
  4452 | D:5      | Identified the +1 helmet of the Onion {rElec rPois rC+++
                  | Will-}
  4472 | D:5      | Reached skill level 5 in Armour
  4582 | D:5      | Reached XP level 8. HP: 69/71 MP: 7/7
  5098 | D:6      | Reached skill level 9 in Axes
  5212 | D:6      | Noticed Maggie
  5227 | D:6      | HP: 3/71 [Maggie (15)]
  5227 | D:6      | Slain by Maggie

Illustrated notes

Levels and vault maps discovered:
D:1:      dpeg_arrival_houses_and_road, layout_loops_ring
D:2:      layout_basic, shapermc_ecumenical_altar_notcrosses, serial_rivers,
          chequers_serial_rivers_small_3, chequers_serial_rivers_micro_a,
          chequers_serial_rivers_room_b, chequers_serial_rivers_marsh,
          kennysheep_generic_room_9, uniq_terence, uniq_natasha
D:3:      layout_rooms, serial_shops, nicolae_shop_trees, shop, shop,
          nrook_uturn
D:4:      layout_loops_corners, nicolae_uskayaw_suspiria, skrybe_limestone_x
D:5:      layout_gridville, minmay_temple_entry_hall, serial_shops,
          kennysheep_mini, enter_ossuary_4, uniq_sigmund
D:6:      layout_cave_pools, uniq_maggie

Skill      XL: |  1  2  3  4  5  6  7  8 |
---------------+-------------------------+-----
Fighting       | 4 5 6 |  6.7
Axes           | 4 5 7 8 9 |  9.3
Armour         | 3 4 5 |  5.7
Dodging        | 3 |  3.2
Shields        | 1 |  1.8
Stealth        | |  0.9

Action                   |  1- 3 |  4- 6 |  7- 9 || total
-------------------------+-------+-------+-------++-------
Melee: Hand axe          |    55 |   190 |   110 ||   355
       Headbutt          |    10 |    26 |    29 ||    65
Invok: Berserk           |     2 |     2 |     2 ||     6
       Trog's Hand       |       |     1 |     1 ||     2
  Use: Scroll            |       |     7 |       ||     7
Armor: Leather armour    |     9 |     4 |       ||    13
       Chain mail        |       |   105 |    31 ||   136
Dodge: Dodged            |    38 |    84 |    34 ||   156
Block: Buckler           |       |    14 |    12 ||    26

Table legend: (Time is in decaauts)
 A = Elapsed time spent in this place.
 B = Non-inter-level travel time spent in this place.
 C = Inter-level travel time spent in this place.
 D = Time resting spent in this place.
 E = Time spent auto-exploring this place.
 F = Levels seen in this place.
 G = Mean time per level.
                   A        B        C        D        E       F      G
               +--------+--------+--------+--------+--------+-----+--------+
         Total |   5315 |   5198 |    117 |      0 |   4263 |   7 |  759.3 |
       Dungeon |   4831 |   4714 |    117 |      0 |   3928 |   6 |  805.2 |
       Ossuary |    483 |    483 |      0 |      0 |    335 |   1 |  483.0 |
               +--------+--------+--------+--------+--------+-----+--------+

Top non-repeatable levels by time:
     D:2: 1296 daAuts
     D:5: 1133 daAuts
     D:1: 933 daAuts
     D:3: 767 daAuts
     D:4: 553 daAuts
 Ossuary: 483 daAuts
     D:6: 147 daAuts
